 Dungeon Crawl Stone Soup version 0.22.1-2-g9c5b331383 (webtiles) character file.

390695 JOKERXD40 the Slayer (level 22, -12/325 HPs)
             Began as a Minotaur Berserker on Nov 18, 2018.
             Was the Champion of Trog.
             Killed from afar by a Tzitzimitl (24 damage)
             ... with a bolt of cold
             ... summoned by a deep elf demonologist
             ... on level 3 of the Elven Halls on Nov 20, 2018.
             The game lasted 02:17:09 (43465 turns).

JOKERXD40 the Slayer (Minotaur Berserker)          Turns: 43465, Time: 02:17:14

Health: -12/325    AC: 32    Str: 32    XL:     22   Next: 9%
Magic:  18/18      EV: 21    Int: 14    God:    Trog [******]
Gold:   4618       SH: 21    Dex: 25    Spells: 21/21 levels left

rFire    . . .     SeeInvis +   a - +10 broad axe of Trog's Righteous Anger {venom, Str+2 Stlth+}
rCold    + . .     Gourm    .   D - +2 shield
rNeg     . . .     Faith    .   I - +5 plate armour "Irilooh" {Int+7}
rPois    +         Spirit   .   (helmet restricted)
rElec    +         Reflect  .   s - +2 cloak "Suujeuco" {Int+4}
rCorr    .         Harm     .   K - +2 pair of gloves
MR       +++..     Rnd*Rage +   (no boots)
Stlth    ..........             W - necklace of Bloodlust {*Rage +Rage MR++ Int-3 Slay+6 *Curse}
HPRegen  0.64/turn              R - ring of the Queen {rPois rC+ Int+2 Dex+5}
MPRegen  0.16/turn              U - ring of Babuto Barets {rElec Dex+3 Slay+3 SInv}

@: berserking, lethally poisoned (-12 -> -12), very quick
A: retaliatory headbutt, horns 2, low mp 1
}: 2/15 runes: barnacled, gossamer
a: Berserk, Trog's Hand, Brothers in Arms, Renounce Religion, Evoke Berserk Rage


You were on level 3 of the Elven Halls.
You worshipped Trog.
Trog was exalted by your worship.
You were hungry.

You visited 7 branches of the dungeon, and saw 39 of its levels.
You also visited: Wizlab.

You collected 5174 gold pieces.
You spent 556 gold pieces at shops.

Inventory:

Hand Weapons
 a - the +10 broad axe of Trog's Righteous Anger (weapon) {venom, Str+2 Stlth+}
   (Trog gifted it to you on level 2 of the Vaults)

   It poisons the flesh of those it strikes.
   It affects your strength (+2).
   It makes you more stealthy.
 b - a +2 scimitar of flaming
Missiles
 H - 7 silver javelins (quivered)
 T - 4 throwing nets
 V - 21 steel javelins
Armour
 s - the +2 cloak "Suujeuco" (worn) {Int+4}
   (You found it on level 4 of the Vaults)

   It affects your intelligence (+4).
 D - a +2 shield (worn)
 I - the +5 plate armour "Irilooh" (worn) {Int+7}
   (You found it on level 9 of the Dungeon)

   It affects your intelligence (+7).
 K - a +2 pair of gloves (worn)
Jewellery
 R - the ring of the Queen (left hand) {rPois rC+ Int+2 Dex+5}
   (You found it on level 4 of the Shoals)

   [ring of dexterity]

   It affects your intelligence (+2).
   It affects your dexterity (+5).
   It protects you from cold.
   It protects you from poison.
 U - the ring of Babuto Barets (right hand) {rElec Dex+3 Slay+3 SInv}
   (You found it in a wizard's laboratory)

   [ring of see invisible]

   It affects your dexterity (+3).
   It affects your accuracy and damage with ranged weapons and melee attacks
   (+3).
   It insulates you from electricity.
   It lets you see invisible.
 W - the necklace of Bloodlust (around neck) {*Rage +Rage MR++ Int-3 Slay+6 *Curse}
   (You found it in a wizard's laboratory)

   [amulet of rage]

   It affects your intelligence (-3).
   It affects your accuracy and damage with ranged weapons and melee attacks
   (+6).
   It affects your resistance to hostile enchantments.
   It lets you go berserk.
   It may make you go berserk in combat.
   It curses itself when equipped.
Wands
 n - a wand of disintegration (17)
 u - a wand of paralysis (66)
 B - a wand of flame (80)
 E - a wand of acid (22)
 F - a wand of iceblast (9)
Scrolls
 e - 16 scrolls of remove curse
 f - a scroll of blinking
 g - 4 scrolls of identify
 h - 3 scrolls of immolation
 l - 7 scrolls of enchant armour
 m - 8 scrolls of fog
 t - a scroll of vulnerability
 x - 10 scrolls of teleportation
 y - 10 scrolls of enchant weapon
 G - 5 scrolls of summoning
 M - a scroll of holy word {unknown}
 O - 4 scrolls of fear
 P - a scroll of torment
 Q - 3 scrolls of magic mapping
 Y - a scroll of brand weapon {unknown}
Potions
 d - 3 potions of lignification
 i - 20 potions of curing
 j - 5 potions of flight
 k - 4 potions of ambrosia
 o - a potion of invisibility {unknown}
 p - 3 potions of magic {unknown}
 r - a potion of resistance
 z - 3 potions of agility
 A - 4 potions of mutation
 N - 6 potions of might
 S - 2 potions of haste {unknown}
 X - a potion of cancellation
 Z - 5 potions of heal wounds
Miscellaneous
 C - 3 boxes of beasts
Comestibles
 c - 28 rations


   Skills:
 + Level 22.9 Fighting
 - Level 20.3 Axes
 + Level 21.8 Armour
 + Level 14.3 Dodging
 + Level 21.4 Shields


You had 21 spell levels left.
You didn't know any spells.
Your spell library was empty.

Dungeon Overview and Level Annotations

Branches:
Dungeon (15/15)            Temple (0/1) D:5            Lair (6/6) D:10
 Shoals (4/4) Lair:3       Spider (4/4) Lair:4        Slime (0/5) Lair:5
    Orc (2/2) D:9             Elf (3/3) Orc:2        Vaults (5/5) D:14
  Crypt (0/3) Vaults:3     Depths (0/5) D:15

Altars:
Ashenzari
Cheibriados
Kikubaaqudgha
Makhleb
Nemelex Xobeh
Sif Muna
Vehumet
Xom
Zin
The Shining One
Beogh

Shops:
Orc:1 %   Orc:2 :(*[   Elf:1 %!   Vaults:3 :


Innate Abilities, Weirdness & Mutations

You reflexively headbutt those who attack you in melee.
You have a pair of horns on your head.
Your magical capacity is low. (-10% MP)


Message History

You block the arrow.
You slash the deep elf annihilator!
The deep elf annihilator looks as sick as possible!
You headbutt the deep elf annihilator.
You kill the deep elf annihilator!
Trog accepts your kill.
Trog appreciates your killing of a magic user.
You closely miss the deep elf master archer.
You are struck by the Hell Sentinel's spines.
* * * LOW HITPOINT WARNING * * *
You slice the Hell Sentinel!!
The necklace of Bloodlust glows a violent red.
You kill the Hell Sentinel!
You hit the Tzitzimitl.
The Tzitzimitl looks as sick as possible!
You feel sick.
You block the glaive of freezing's attack.
The Tzitzimitl gestures at you. The bolt of cold hits you! You resist.
You die...

#.# #.# #(# #.#
#.# #.# #(#
###e### #.@)4e#
#..))1(...#
..e.....e.3.....
................
................
........#.......
.......###......
........#......


You could see a Tzitzimitl, a deep elf master archer, a soul eater, a deep elf
demonologist, a rust devil, 2 deep elf magi and a glaive of freezing.

Vanquished Creatures
  Nikola (Spider:1)
  A moon troll (WizLab)
  A quicksilver dragon (WizLab)
  4 deep elf blademasters
  A deep elf master archer (Elf:3)
  Frances (Shoals:1)
  6 tentacled starspawn (WizLab)
  Agnes (Spider:1)
  A tengu reaver (Vaults:2)
  A fire giant (Vaults:3)
  3 frost giants
  An orc warlord (Orc:2)
  3 ghost moths
  3 deep elf sorcerers
  A cacodemon (WizLab)
  8 emperor scorpions
  10 vault wardens
  A ghoul (Vaults:1)
  13 ironheart preservers
  5 very ugly things (WizLab)
  4 stone giants
  7 entropy weavers
  8 deep elf annihilators
  Azrael (Elf:2)
  2 deep elf demonologists (Elf:1)
  2 spark wasps (Spider:4)
  A crystal guardian (WizLab)
  4 merfolk javelineers
  5 merfolk impalers
  3 ettins
  2 eidola (Vaults:3)
  3 deep elf high priests
  Fannar (D:10)
  4 deep elf death magi
  3 yaktaur captains
  3 fire dragons
  2 ice dragons
  14 ogre magi
  4 great orbs of eyes
  4 vault guards
  8 hydras
  Erica (D:8)
  An alligator snapping turtle (Shoals:1)
  2 merfolk aquamancers (Shoals:4)
  3 death knights
  9 centaur warriors
  3 catoblepae
  A merfolk avatar (Shoals:4)
  2 tengu warriors
  The ghost of Hawk2021 the Cleaver, a novice HOFi of Beogh (D:6)
  61 two-headed ogres
  3 satyrs
  25 dancing weapons
  3 deep troll earth magi (Vaults:1)
  3 death yaks (Lair:5)
  A queen ant (Spider:2)
  3 deep troll shamans
  20 deep elf knights
  Sonja (Lair:2)
  2 fire crabs (shapeshifter)
  2 wretched stars (WizLab)
  A fire crab (Lair:6)
  2 shadow wraiths
  3 unseen horrors
  8 sea snakes
  An unseen horror (shapeshifter) (Vaults:4)
  14 deep trolls
  A flayed ghost (Vaults:3)
  An orange crystal statue (WizLab)
  9 glowing orange brains
  A swamp dragon (shapeshifter) (Vaults:3)
  14 deep elf archers
  5 wizards
  4 phantasmal warriors
  2 large abominations (Elf:3)
  7 harpies (Shoals:4)
  17 ironbrand convokers
  12 orc knights
  2 tengu zombies
  9 orc sorcerers
  4 necromancers
  A frost giant zombie (Vaults:1)
  A stone giant zombie (Vaults:1)
  19 orb spiders
  An oklob plant (Lair:5)
  32 ugly things
  The ghost of BushDid911 the Skirmisher, a novice HuFi of Hepliaklqana (D:6)
  13 cyclopes
  31 wolf spiders
  74 deep elf magi
  8 manticores
  A cyclops (shapeshifter) (Vaults:2)
  A salamander (shapeshifter) (Vaults:4)
  A fire giant zombie (Vaults:3)
  2 human zombies (Vaults:2)
  12 elephants
  5 black mambas
  A black mamba (shapeshifter) (Vaults:4)
  12 vault sentinels
  3 water nymphs
  7 merfolk sirens
  8 eyes of devastation (WizLab)
  2 molten gargoyles (Lair:6)
  3 gargoyles
  6 spiny frogs
  2 kobold demonologists (D:14)
  10 komodo dragons
  36 yaktaurs
  2 torpor snails
  7 freezing wraiths
  2 rime drakes (Lair:6)
  A rime drake (shapeshifter) (D:14)
  17 demonic crawlers
  A jumping spider (shapeshifter) (Elf:1)
  A queen bee (Spider:1)
  13 hornets
  3 meliai (Spider:1)
  7 trolls
  A polar bear (Lair:3)
  A hornet (shapeshifter) (D:14)
  A harpy skeleton (D:15)
  21 merfolk
  45 jumping spiders
  10 hippogriffs
  24 blink frogs
  19 slime creatures
  10 dream sheep
  3 wind drakes
  6 snapping turtles
  2 air elementals
  9 wyverns
  A centaur simulacrum (D:15)
  73 redbacks
  22 tarantellas
  A shadow (D:13)
  A tarantella (shapeshifter) (D:14)
  5 wraiths
  35 yaks
  4 basilisks
  9 fire elementals
  10 water elementals
  Eustachio (D:5)
  9 golden eyes (WizLab)
  2 hungry ghosts
  2 steam dragons (Lair:6)
  2 neqoxecs (WizLab)
  A warg (shapeshifter) (D:14)
  8 wargs
  A vampire mosquito (D:13)
  3 acid dragons
  6 hell hounds
  28 soldier ants (Spider:2)
  13 water moccasins
  A sky beast (D:10)
  A deep troll skeleton (Vaults:2)
  10 porcupines
  4 ice beasts
  36 orc warriors
  4 black bears
  An eye of draining (shapeshifter) (Vaults:2)
  A hornet zombie (D:12)
  2 phantoms
  3 eyes of draining
  11 boggarts
  28 ogres
  A centaur (shapeshifter) (Vaults:2)
  28 centaurs
  An orc skeleton (Vaults:1)
  12 crocodiles
  5 big kobolds
  10 bullfrogs
  4 earth elementals
  4 human skeletons
  A wyvern skeleton (D:9)
  10 scorpions
  A human simulacrum (Vaults:2)
  A water moccasin skeleton (D:6)
  31 killer bees
  An orc simulacrum (Vaults:1)
  4 wights (D:11)
  3 howler monkeys
  2 electric eels
  14 crimson imps
  3 lava snakes (Lair:6)
  8 starcursed masses (WizLab)
  2 bullfrog zombies
  11 centaur zombies
  A wyvern simulacrum (D:15)
  9 hounds
  7 jellies
  6 centaur skeletons
  8 orc priests
  6 bullfrog skeletons
  6 iguanas
  20 orc wizards
  Crazy Yiuf (D:5)
  Ijyb (D:5)
  20 worker ants
  A killer bee zombie (D:6)
  A hound zombie (D:9)
  3 hound skeletons
  3 worker ant zombies
  9 adders
  3 shadow imps
  5 oozes (Lair:5)
  2 adder zombies
  An adder skeleton (D:9)
  4 leopard geckos
  59 orcs
  6 bats
  6 giant cockroaches
  6 goblins
  8 hobgoblins
  11 jackals
  8 quokkas
  3 ball pythons
  3 frilled lizards (D:1)
  13 kobolds
  A leopard gecko skeleton (D:6)
  10 rats
  A bush (Elf:3)
  4 demonic plants (WizLab)
  11 fungi
  5 plants
  9 starspawn tentacles (WizLab)
1691 creatures vanquished.

Vanquished Creatures (collateral kills)
  A ghost moth (Spider:4)
  An orc warlord (Orc:2)
  A very ugly thing (WizLab)
  A merfolk javelineer (Shoals:4)
  A two-headed ogre (D:9)
  An orc high priest (Orc:2)
  2 deep elf archers (Vaults:2)
  4 harpies (Shoals:4)
  An orb spider (Spider:3)
  A harpy (shapeshifter) (Vaults:2)
  The ghost of BillyBuyo the Digger, a novice DrEE of Ashenzari (D:6)
  An orc knight (D:9)
  A manticore (Shoals:3)
  An orc sorcerer (Orc:2)
  A cyclops (Shoals:3)
  A molten gargoyle (Lair:6)
  A dream sheep (Shoals:3)
  A tarantella (Spider:3)
  A redback (Spider:3)
  A wyvern (Lair:6)
  An orc warrior (Orc:2)
  A wight (D:9)
  A lava snake (Lair:6)
  An orc wizard (Orc:2)
  A worker ant (Spider:2)
29 creatures vanquished.

Vanquished Creatures (others)
  A deep elf knight (Vaults:2)
  A black mamba (Lair:6)
  A jumping spider (shapeshifter) (Vaults:2)
  A redback (Spider:1)
  An orc warrior (Vaults:1)
  A bullfrog (D:6)
  A hound (D:6)
  An orc priest (Orc:2)
  An orc wizard (Orc:2)
  An iguana (D:6)
  3 orcs
  4 demonic plants (WizLab)
  5 plants (Shoals:1)
  12 starspawn tentacles (WizLab)
34 creatures vanquished.

Grand Total: 1754 creatures vanquished

Notes
Turn   | Place    | Note
-------+----------+-------------------------------------------
     0 | D:1      | JOKERXD40 the Minotaur Berserker began the quest for the
                  | Orb.
     0 | D:1      | Reached XP level 1. HP: 19/19 MP: 0/0
    58 | D:1      | Reached XP level 2. HP: 23/27 MP: 1/1
   105 | D:1      | Reached skill level 4 in Fighting
   393 | D:1      | Reached ** piety under Trog
   415 | D:1      | Reached XP level 3. HP: 33/33 MP: 2/2
  1144 | D:2      | Found an ancient bone altar of Kikubaaqudgha.
  1548 | D:3      | Reached skill level 5 in Axes
  1690 | D:3      | Found a snail-covered altar of Cheibriados.
  1814 | D:3      | Reached XP level 4. HP: 40/40 MP: 3/3
  2046 | D:3      | Reached *** piety under Trog
  2363 | D:4      | Reached XP level 5. HP: 45/47 MP: 4/4
  2787 | D:4      | Reached skill level 5 in Fighting
  2787 | D:4      | Reached XP level 6. HP: 52/56 MP: 5/5
  2870 | D:5      | Entered Level 5 of the Dungeon
  2944 | D:5      | Found a staircase to the Ecumenical Temple.
  2948 | D:5      | Found a shattered altar of Ashenzari.
  2964 | D:5      | Noticed Eustachio
  2993 | D:5      | Killed Eustachio
  3143 | D:5      | Reached XP level 7. HP: 61/61 MP: 6/6
  3234 | D:5      | Noticed Ijyb
  3236 | D:5      | Killed Ijyb
  3685 | D:5      | Found a runed door.
  3689 | D:5      | Noticed Crazy Yiuf
  3695 | D:5      | Killed Crazy Yiuf
  3796 | D:6      | Reached skill level 1 in Shields
  3815 | D:6      | Reached skill level 5 in Armour
  3822 | D:6      | Reached **** piety under Trog
  3828 | D:6      | Found a shimmering altar of Xom.
  3831 | D:6      | Reached skill level 6 in Fighting
  3852 | D:6      | Reached XP level 8. HP: 53/70 MP: 7/7
  4112 | D:6      | Found a runed gate.
  4113 | D:6      | Found a runed gate.
  4113 | D:6      | Found a runed gate.
  4114 | D:6      | Noticed BushDid911's ghost (novice HuFi)
  4115 | D:6      | Noticed Hawk2021's ghost (novice HOFi)
  4115 | D:6      | Noticed BillyBuyo's ghost (novice DrEE)
  4139 | D:6      | Killed BillyBuyo's ghost
  4139 | D:6      | Reached skill level 7 in Fighting
  4143 | D:6      | Killed BushDid911's ghost
  4143 | D:6      | Reached XP level 9. HP: 45/79 MP: 8/8
  4145 | D:6      | Killed Hawk2021's ghost
  4145 | D:6      | Reached skill level 10 in Axes
  4145 | D:6      | Reached skill level 5 in Shields
  4558 | D:6      | Found a burning altar of Makhleb.
  4576 | D:6      | Reached skill level 8 in Fighting
  4642 | D:6      | Found a glowing golden altar of the Shining One.
  4957 | D:7      | Found a glowing silver altar of Zin.
  4990 | D:7      | Found a transporter.
  5022 | D:7      | Found a transporter.
  5034 | D:7      | Reached ***** piety under Trog
  5051 | D:7      | Reached XP level 10. HP: 90/90 MP: 9/9
  5151 | D:7      | Got a smoking copper ring
  5163 | D:7      | Identified the ring "Hemn" {+Fly rF+ rC+ MR- Dex+4} (You
                  | found it on level 7 of the Dungeon)
  8390 | D:8      | Noticed Erica
  8410 | D:8      | Killed Erica
  8410 | D:8      | Reached skill level 9 in Fighting
  8947 | D:9      | Found a staircase to the Orcish Mines.
  8988 | D:9      | Noticed a four-headed hydra
  9000 | D:9      | Killed a one-headed hydra
  9154 | D:9      | Got a heavily runed plate armour
  9295 | D:9      | Found a radiant altar of Vehumet.
  9436 | D:9      | Found a snail-covered altar of Cheibriados.
  9634 | D:10     | Entered Level 10 of the Dungeon
  9634 | D:10     | Noticed Fannar
  9647 | D:10     | Killed Fannar
  9680 | D:10     | Noticed a two-headed ogre
  9687 | D:10     | Noticed a cyclops
  9690 | D:10     | Killed a two-headed ogre
  9690 | D:10     | Reached XP level 11. HP: 56/99 MP: 10/10
  9820 | D:10     | Reached skill level 10 in Fighting
  9820 | D:10     | Noticed a two-headed ogre
  9824 | D:10     | Noticed a wolf spider
  9828 | D:10     | Killed a two-headed ogre
  9832 | D:10     | Killed a wolf spider
  9840 | D:10     | Noticed a two-headed ogre
  9843 | D:10     | Noticed an orc knight
  9945 | D:10     | Noticed a green ugly thing
  9952 | D:9      | Killed a two-headed ogre
  9955 | D:9      | Killed an orc knight
  9955 | D:9      | Reached skill level 10 in Armour
 10134 | D:10     | Noticed a six-headed hydra
 10142 | D:10     | Killed a three-headed hydra
 10348 | D:10     | Found a staircase to the Lair.
 10962 | D:11     | Killed an unseen horror
 10962 | D:11     | Reached skill level 11 in Fighting
 10988 | D:11     | Noticed a six-headed hydra
 10996 | D:11     | Killed a four-headed hydra
 10996 | D:11     | Reached XP level 12. HP: 90/110 MP: 11/11
 11320 | D:11     | Identified the +5 plate armour "Irilooh" {Int+7} (You found
                  | it on level 9 of the Dungeon)
 11674 | Lair:1   | Entered Level 1 of the Lair of Beasts
 11858 | Lair:1   | Reached skill level 15 in Axes
 11937 | Lair:1   | Reached skill level 10 in Shields
 12544 | Lair:2   | Noticed a catoblepas
 12558 | Lair:2   | Killed a catoblepas
 12789 | Lair:2   | Noticed Sonja
 12798 | Lair:2   | Killed Sonja
 13034 | Lair:3   | Found a staircase to the Shoals.
 13208 | Lair:3   | Received a gift from Trog
 13208 | Lair:3   | Reached skill level 12 in Fighting
 13423 | Lair:3   | Noticed a catoblepas
 13434 | Lair:3   | Killed a catoblepas
 13864 | Lair:4   | Noticed a six-headed hydra
 13918 | Lair:4   | Reached XP level 13. HP: 119/119 MP: 4/12
 13976 | Lair:4   | Found a hole to the Spider Nest.
 14400 | Lair:4   | Reached skill level 13 in Fighting
 14441 | Lair:5   | Found a staircase to the Slime Pits.
 14448 | Lair:5   | Found a deep blue altar of Sif Muna.
 15096 | Lair:6   | Entered Level 6 of the Lair of Beasts
 15262 | Lair:6   | Reached skill level 14 in Fighting
 15266 | Lair:6   | Reached ****** piety under Trog
 15853 | Lair:6   | Reached XP level 14. HP: 133/133 MP: 4/13
 16129 | Lair:6   | Found a large runed door.
 16132 | Lair:6   | Found a large runed door.
 16728 | D:12     | Reached skill level 15 in Fighting
 16850 | D:12     | Received a gift from Trog
 17610 | Shoals:1 | Entered Level 1 of the Shoals
 17972 | Shoals:1 | Noticed Frances
 18073 | Shoals:1 | Killed Frances
 18514 | Shoals:2 | Reached skill level 16 in Fighting
 19302 | Shoals:3 | Received a gift from Trog
 19437 | Shoals:3 | Reached XP level 15. HP: 129/144 MP: 4/14
 19848 | Shoals:4 | Entered Level 4 of the Shoals
 20009 | Shoals:4 | Got a fine silver ring
 20010 | Shoals:4 | Identified the ring of the Queen {rPois rC+ Int+2 Dex+5}
                  | (You found it on level 4 of the Shoals)
 20526 | Shoals:4 | Noticed a frost giant
 20532 | Shoals:4 | Received a gift from Trog
 20539 | Shoals:4 | Killed a frost giant
 20539 | Shoals:4 | Reached skill level 17 in Fighting
 20795 | Shoals:4 | Got a barnacled rune of Zot
 20851 | Shoals:4 | Reached skill level 15 in Armour
 21328 | Spider:1 | Entered Level 1 of the Spider Nest
 21475 | Spider:1 | Noticed Nikola
 21486 | Spider:1 | Noticed Agnes
 21493 | Spider:1 | Killed Nikola
 21500 | Spider:1 | HP: 5/147 [Agnes/lajatang of protection (23)]
 21715 | Spider:1 | Killed Agnes
 21897 | Spider:1 | Reached XP level 16. HP: 140/155 MP: 5/15
 22244 | Spider:1 | Reached skill level 15 in Shields
 22308 | Spider:1 | You fall through a shaft!
 22321 | Spider:2 | Received a gift from Trog
 23350 | Spider:3 | Received a gift from Trog
 23512 | Spider:3 | Reached skill level 18 in Fighting
 24168 | Spider:4 | Entered Level 4 of the Spider Nest
 24218 | Spider:4 | Received a gift from Trog
 24418 | Spider:4 | Reached XP level 17. HP: 158/166 MP: 5/16
 25669 | Spider:4 | Got a gossamer rune of Zot
 28857 | Orc:1    | Entered Level 1 of the Orcish Mines
 28866 | Orc:1    | Paralysed by an orc sorcerer for 2 turns
 28916 | Orc:1    | Found a roughly hewn altar of Beogh.
 29045 | Orc:1    | Found Focoob's Food Shop.
 29091 | Orc:1    | Found a roughly hewn altar of Beogh.
 29196 | Orc:1    | Received a gift from Trog
 29364 | Orc:2    | Entered Level 2 of the Orcish Mines
 29774 | Orc:2    | Reached skill level 19 in Fighting
 29814 | Orc:2    | Found a roughly hewn altar of Beogh.
 29814 | Orc:2    | Found Peecid's Antique Weapon Emporium.
 29815 | Orc:2    | Paralysed by an orc sorcerer for 5 turns
 29817 | Orc:2    | Found Vulyph's Book Emporium.
 29981 | Orc:2    | Found a staircase to the Elven Halls.
 30101 | Orc:2    | Bought a glowing war axe for 221 gold pieces
 30113 | Orc:2    | Found Neuganyi's Antique Armour Emporium.
 30128 | Orc:2    | Found Cieze's General Store.
 30137 | Orc:2    | Bought a potion of resistance for 140 gold pieces
 31783 | D:14     | Received a gift from Trog
 32116 | D:14     | Reached XP level 18. HP: 176/176 MP: 5/17
 32264 | D:14     | Found a gate to the Vaults.
 32334 | D:15     | Entered Level 15 of the Dungeon
 32372 | D:15     | Found a sparkling altar of Nemelex Xobeh.
 32438 | D:15     | Reached skill level 5 in Dodging
 32588 | D:15     | Paralysed by an orc sorcerer for 3 turns
 32608 | D:15     | Received a gift from Trog
 32626 | D:15     | Found a staircase to the Depths.
 33100 | Vaults:1 | Entered Level 1 of the Vaults
 33516 | Vaults:1 | Received a gift from Trog
 33809 | Vaults:1 | Reached skill level 20 in Fighting
 34177 | Vaults:1 | Received a gift from Trog
 34366 | Vaults:1 | Reached XP level 19. HP: 185/185 MP: 6/18
 34811 | Vaults:2 | Received a gift from Trog
 34814 | Vaults:2 | Got a fine broad axe {god gift}
 34815 | Vaults:2 | Identified the +10 broad axe of Trog's Righteous Anger
                  | {venom, Str+2 Stlth+} (Trog gifted it to you on level 2 of
                  | the Vaults)
 35535 | Vaults:2 | Received a gift from Trog
 35878 | Vaults:2 | Reached skill level 10 in Dodging
 36214 | Vaults:3 | Reached skill level 21 in Fighting
 36280 | Vaults:3 | Received a gift from Trog
 36787 | Vaults:3 | Reached XP level 20. HP: 186/198 MP: 19/19
 36828 | Vaults:3 | Found Voishuos's Book Emporium.
 37012 | Vaults:3 | Received a gift from Trog
 37170 | Vaults:3 | Found a staircase to the Crypt.
 37952 | Vaults:4 | Found a magical portal.
 38029 | WizLab   | Entered Lehudib's Moon Base
 38124 | WizLab   | Paralysed by a great orb of eyes for 2 turns
 38126 | WizLab   | Gained mutation: Your magical capacity is low. (-10% MP) [a
                  | neqoxec]
 38376 | WizLab   | Received a gift from Trog
 38494 | WizLab   | Paralysed by accursed screaming for 1 turns
 38804 | WizLab   | Got a scorched pewter ring
 38806 | WizLab   | Identified the ring of Babuto Barets {rElec Dex+3 Slay+3
                  | SInv} (You found it in a wizard's laboratory)
 38816 | WizLab   | Paralysed by accursed screaming for 1 turns
 39038 | WizLab   | Found a transporter.
 39105 | WizLab   | Found the cursed necklace of Bloodlust {*Rage +Rage MR++
                  | Int-3 Slay+6 *Curse}
 39105 | WizLab   | Found a transporter.
 39749 | Vaults:4 | Got a smoking cloak
 39760 | Vaults:4 | Identified the +2 cloak "Suujeuco" {Int+4} (You found it on
                  | level 4 of the Vaults)
 40031 | Vaults:4 | Received a gift from Trog
 40151 | Vaults:4 | Reached skill level 22 in Fighting
 40237 | Vaults:4 | Reached XP level 21. HP: 190/207 MP: 17/17
 40904 | Vaults:5 | Entered Level 5 of the Vaults
 41230 | Elf:1    | Entered Level 1 of the Elven Halls
 41323 | Elf:1    | Found Ecitoq's Food Shoppe.
 41328 | Elf:1    | Found Figad's Distillery.
 41344 | Elf:1    | Bought a potion of heal wounds for 75 gold pieces
 41344 | Elf:1    | Bought a potion of mutation for 120 gold pieces
 41367 | Elf:1    | Received a gift from Trog
 41438 | Elf:1    | Found a radiant altar of Vehumet.
 41902 | Elf:1    | Got an iridescent glaive
 41903 | Elf:1    | Identified the +6 glaive "Alo Weg" {chop, *Corrode Int+3
                  | Stlth+} (You found it on level 1 of the Elven Halls)
 42058 | Elf:2    | Identified the Volume of Translocation
 42133 | Elf:2    | Found a radiant altar of Vehumet.
 42164 | Elf:2    | Received a gift from Trog
 42470 | Elf:2    | Found a huge runed gate.
 42470 | Elf:2    | Found a huge runed gate.
 42470 | Elf:2    | Found a huge runed gate.
 42555 | Elf:2    | Noticed Azrael
 42557 | Elf:2    | Received a gift from Trog
 42562 | Elf:2    | Killed Azrael
 42570 | Elf:2    | Identified the +14 hunting sling of the Enchanted Forest
                  | {velocity, rC+} (Trog gifted it to you on level 2 of the
                  | Elven Halls)
 43127 | Elf:3    | Entered Level 3 of the Elven Halls
 43427 | Elf:3    | Received a gift from Trog
 43436 | Elf:3    | Reached XP level 22. HP: 187/217 MP: 18/18
 43465 | Elf:3    | HP: 12/325 [Hell Sentinel's spines[a deep elf demonologist]
                  | (9)]
 43465 | Elf:3    | Killed from afar by a Tzitzimitl

Skill      XL: |  1  2  3  4  5  6  7  8  9 10 11 12 13 14 15 16 17 18 19 20 21 |
---------------+----------------------------------------------------------------+-----
Axes           | 4 5 6 8 9 11 13 14 16 17 18 19 20 | 20.3
Fighting       | 4 5 6 7 8 9 11 12 14 16 17 18 19 20 21 22 | 22.9
Armour         | 3 4 5 6 8 9 10 11 13 14 15 16 17 18 19 20 21 | 21.8
Dodging        | 3 4 8 10 12 14 | 14.3
Shields        | 2 4 6 8 9 11 12 13 14 16 17 18 19 20 21 | 21.4

Action                   |  1- 3 |  4- 6 |  7- 9 | 10-12 | 13-15 | 16-18 | 19-21 | 22-24 || total
-------------------------+-------+-------+-------+-------+-------+-------+-------+-------++-------
Melee: Hand axe          |   104 |    75 |       |       |       |       |       |       ||   179
       Headbutt          |    16 |    18 |    47 |   167 |   293 |   536 |   461 |    11 ||  1549
       War axe           |       |    26 |   210 |   500 |       |       |       |       ||   736
       Scimitar          |       |       |       |    15 |    19 |     4 |       |       ||    38
       Broad axe         |       |       |       |    81 |  1036 |  1543 |  1214 |    28 ||  3902
Throw: Tomahawk          |       |       |       |    11 |    15 |       |       |       ||    26
       Javelin           |       |       |       |       |       |     5 |       |       ||     5
Invok: Berserk           |       |     1 |     3 |     8 |    21 |    23 |    14 |       ||    70
       Brothers in Arms  |       |       |     1 |     1 |     7 |     6 |     2 |       ||    17
       Trog's Hand       |       |       |       |       |       |     1 |       |       ||     1
 Abil: Evoke Flight      |       |       |       |       |     4 |       |       |       ||     4
Evoke: Wand              |       |       |       |     3 |       |     4 |       |       ||     7
  Use: Scroll            |       |     5 |     2 |     9 |    15 |    16 |     6 |       ||    53
       Potion            |       |       |       |       |     3 |       |     2 |       ||     5
 Stab: Petrified         |       |       |       |     2 |       |       |       |       ||     2
       Distracted        |       |       |       |       |       |     1 |     1 |       ||     2
       Held in net/web   |       |       |       |       |       |     1 |       |       ||     1
  Eat: Chunk             |     2 |     6 |     1 |    11 |    22 |    12 |     3 |       ||    57
       Ration            |       |       |     2 |     8 |     9 |    15 |    12 |       ||    46
Armor: Chain mail        |    49 |    70 |   101 |   191 |       |       |       |       ||   411
       Plate armour      |       |       |       |   106 |   571 |   785 |   188 |     6 ||  1656
Dodge: Dodged            |    44 |    57 |    94 |   230 |   400 |   535 |   311 |    18 ||  1689
       Deflected         |       |       |       |       |    27 |    12 |    17 |       ||    56
Block: Buckler           |       |     7 |    29 |   166 |   366 |   396 |       |       ||   964
       Shield            |       |       |       |       |       |   486 |   610 |    20 ||  1116
       Rpst.: Scimitar   |       |       |       |     1 |     3 |       |       |       ||     4
